 Dungeon Crawl Stone Soup version 0.29-a0-1030-gf5f8719cae (webtiles) character file.

Game seed: 12717537625847736957

17908 Conn the Thaumaturge (level 12, -7/70 HPs)
             Began as an Octopode Fire Elementalist on Aug 13, 2022.
             Was a Priest of Sif Muna.
             Mangled by a boulder beetle (45 damage)
             ... on level 2 of the Lair of Beasts.
             The game lasted 00:45:31 (13453 turns).

Conn the Thaumaturge (Octopode Fire Elementalist)  Turns: 13453, Time: 00:45:32

Health: -7/70      AC:  6    Str:  7    XL:     12   Next: 52%
Magic:  13/25      EV: 23    Int: 26    God:    Sif Muna [***...]
Gold:   2596       SH: 17    Dex: 25    Spells: 3/30 levels left

rFire   + . .      SeeInvis .   t - +8 dagger "Newtbane" {protect, Fragile rC+ Will+}
rCold   + . .      Faith    .   F - +0 kite shield of the Equinox {rC+ Regen+}
rNeg    . . .      Spirit   .   r - +1 hat {Stlth+}
rPois   .          Reflect  +   d - amulet of reflection
rElec   .          Harm     .   b - ring of fire
rCorr   .          Rampage  .   l - +4 ring of evasion
Will    +....                   s - +6 ring of dexterity
Stlth   ++++++....              v - ring "Imna" {AC+4 Int+4}
HPRegen 1.01/turn               z - ring of wizardry
MPRegen 0.19/turn               D - +6 ring of dexterity
                                G - +4 ring of evasion
                                (no ring)

@: no status effects
A: almost no armour, amphibious, 8 rings, camouflage 1, gelatinous body 1,
(nimble swimmer 1), tentacles
a: Renounce Religion, Channel Magic, Forget Spell


You were on level 2 of the Lair of Beasts.
You worshipped Sif Muna.
Sif Muna was most pleased with you.
You visited 3 branches of the dungeon, and saw 13 of its levels.

You collected 2596 gold pieces.

Inventory:

Hand Weapons
 e - a +0 dagger
 t - the +8 dagger "Newtbane" (weapon) {protect, Fragile rC+ Will+}
   (You found it on level 6 of the Dungeon)

   It grants its wielder temporary protection when it strikes (+7 to AC).
   rC:        It protects you from cold.
   Fragile:   It will be destroyed if unequipped.
   Will:      It increases your willpower.
Missiles
 i - 11 poisoned darts
 m - a throwing net (quivered)
Armour
 r - a +1 hat of stealth (worn)
 y - a +0 kite shield of protection
 F - the +0 kite shield of the Equinox (worn) {rC+ Regen+}
   (You acquired it on level 9 of the Dungeon)

   rC:        It protects you from cold.
   Regen:     It increases your rate of health regeneration.
Magical Staves
 g - a staff of conjuration
 p - a staff of air
 C - a staff of cold
Jewellery
 b - a ring of fire (left tentacle)
 d - an amulet of reflection (around mantle)
 f - an amulet of faith
 l - a +4 ring of evasion (right tentacle)
 n - a ring of ice
 s - a +6 ring of dexterity (on tentacle)
 v - the ring "Imna" (on tentacle) {AC+4 Int+4}
   (You acquired it on level 7 of the Dungeon)

   [ring of protection]

   AC:        It affects your AC (+4).
   Int:       It affects your intelligence (+4).
 z - a ring of wizardry (on tentacle)
 D - a +6 ring of dexterity (on tentacle)
 G - a +4 ring of evasion (on tentacle)
Wands
 h - a wand of charming (5)
 u - a wand of digging (4)
 x - a wand of light (9)
 B - a wand of flame (7)
 E - a wand of mindburst (15)
Scrolls
 a - 39 scrolls of fog
Potions
 c - 3 potions of haste
 j - 5 potions of flight
 k - 6 potions of curing
 o - a potion of resistance
 q - 2 potions of heal wounds
 w - a potion of magic
 A - a potion of lignification


   Skills:
 + Level 1.8 Fighting
 + Level 1.4 Short Blades
 + Level 1.2 Staves
 + Level 0.4 Throwing
 + Level 4.4 Dodging
 + Level 5.6 Stealth
 * Level 5.7 Shields
 + Level 0.2 Unarmed Combat
 + Level 9.8 Spellcasting
 * Level 9.7 Conjurations
 + Level 1.7 Hexes
 - Level 4.0 Summonings
 + Level 9.7 Fire Magic
 * Level 5.8 Invocations
 + Level 1.9 Evocations


You had 3 spell levels left.
You knew the following spells:

 Your Spells              Type           Power      Damage    Failure   Level
a - Foxfire               Conj/Fire      100%       2x1d9     1%          1
b - Conjure Flame         Conj/Fire      76%        6-21      1%          3
c - Inner Flame           Hex/Fire       59%        N/A       1%          3
d - Flame Wave            Conj/Fire      76%        2d17      1%          4
e - Scorch                Fire           100%       2d10      1%          2
f - Summon Small Mammal   Summ           100%       N/A       1%          1
g - Summon Guardian Gole  Hex/Summ       27%        N/A       4%          3
h - Fireball              Conj/Fire      38%        3d16      2%          5
i - Iskenderun's Battles  Conj           59%        2d11      2%          5

Your spell library contained the following spells:

 Spells                   Type           Power      Damage    Failure   Level
 Shock                    Conj/Air       100%       1d9       1%          1
 Slow                     Hex            84%        N/A       2%          1
 Call Canine Familiar     Summ           33%        N/A       3%          3
 Apportation              Tloc           24%        N/A       5%          1
 Necrotise                Necr           48%        1d6       5%          1
 Confusing Touch          Hex            21%        N/A       8%          3
 Swiftness                Air            12%        N/A       16%         3
 Vampiric Draining        Necr           12%        2d6       16%         3
 Airstrike                Air            6%         2d(1-17)  43%         4
 Orb of Destruction       Conj           29%        9d9       58%         7
 Conjure Ball Lightning   Conj/Air       19%        3x3d6     67%         6


Dungeon Overview and Level Annotations

Branches:
Dungeon (10/15)            Temple (1/1) D:5            Lair (2/5) D:10
  Swamp: Lair:2-3    Shoals: Lair:2-3     Snake: Lair:2-3    Spider: Lair:2-3
    Orc: D:9-12

Altars:
Dithmenos
Fedhas
Kikubaaqudgha
Makhleb
Nemelex Xobeh
Okawaru
Qazlal
Ru
Sif Muna
Uskayaw
Wu Jian
Yredelemnul
The Shining One

Shops:
D:10 *

Portals:
Abyss: Lair:1


Innate Abilities, Weirdness & Mutations

You cannot wear most types of armour.
You are amphibious.
You can wear up to eight rings at the same time.
Your skin changes colour to match your surroundings (Stealth+).
Your rubbery body absorbs attacks. (AC +1, EV +1)
((You are camouflaged when in or above water. (Stealth+)))
You have tentacles for arms and can constrict up to eight enemies at once.


Message History

A wave of flame ripples out!
The flame wave engulfs the boulder beetle!
The boulder beetle is moderately wounded.
The flame wave engulfs the five-headed hydra!
The five-headed hydra is moderately wounded.
The flame wave engulfs the fungus!!
The fungus begins to die.
The fungus is lightly damaged.
You block the boulder beetle's attack.
You block the five-headed hydra's attack. x2
The five-headed hydra misses you.
You block the five-headed hydra's attack.
The five-headed hydra bites you but does no damage.
A wave of flame ripples out!
The flame wave engulfs the boulder beetle!
The boulder beetle is heavily wounded.
The flame wave engulfs the five-headed hydra!
The five-headed hydra is heavily wounded.
The flame wave engulfs the fungus!!
The fungus is moderately damaged.
You finish channelling waves of flame.
The boulder beetle leaps!
You block the five-headed hydra's attack. x3
The five-headed hydra bites you. x2
Casting: Flame Wave (dangerous; 1% risk of failure)
Confirm with . or Enter, or press ? or * to list all spells.
Casting: Flame Wave (dangerous; 1% risk of failure)
Press: ? - help, Dir - look around, f - activate You feel a surge of power!
A wave of flame ripples out!
The flame wave engulfs the five-headed hydra.
The five-headed hydra is heavily wounded. (Press . to intensify the flame waves.)
The boulder beetle curls into a ball and begins rolling!
The five-headed hydra closely misses you.
The five-headed hydra bites you!
* * * LOW HITPOINT WARNING * * *
You block the five-headed hydra's attack.
The five-headed hydra completely misses you.
The five-headed hydra barely misses you.
You feel much better. The boulder beetle hits you!!!
Ouch! That really hurt!
You die...

###.......P.## #........ #
#.......<.P## ###........
#...........### ####..........
#.>..[........###.#............
###...#####...................#
##### #P.P#...............##
######..#.#....<.##.#
#######D..####....P# ##
#......@.## #....## .......B.P#
#....# .......○..# #.....
...........# .#.....
...........####.....
...........# #.....
...........# ..........##


You could see a boulder beetle (rolling) and a five-headed hydra.

Vanquished Creatures
  Gastronok (D:9)
  Fannar (Lair:1)
  Harold (D:9)
  A boulder beetle (Lair:1)
  A hell hog (Lair:1)
  The ghost of confidenceinterval the Nimble, a novice MfTm of Gozag (Lair:1)
  A spriggan (Lair:1)
  Nergalle (Lair:1)
  Pikel (D:7)
  An ugly thing (Lair:1)
  Maurice (D:9)
  A cane toad (Lair:1)
  2 komodo dragons
  A rime drake (shapeshifter) (Lair:1)
  A rime drake (Lair:1)
  An ice devil (Lair:1)
  A troll (D:10)
  Grinder (D:3)
  4 blink frogs (Lair:1)
  A hornet (Lair:1)
  Prince Ribbit (D:7)
  4 wyverns (D:10)
  2 wraiths
  4 yaks (D:9)
  Grum (D:8)
  A yak (shapeshifter) (Lair:1)
  3 basilisks
  A steam dragon (D:9)
  A chaos spawn (Lair:1)
  2 vampire mosquitoes (D:10)
  2 acid dragons
  7 water moccasins
  An orc warrior (D:8)
  A sky beast (D:6)
  5 black bears
  17 wolves
  3 centaurs
  3 lemures (D:7)
  7 bullfrogs
  A kobold brigand (D:5)
  A scorpion (D:6)
  3 necrophages
  19 killer bees
  An electric eel (Lair:1)
  3 howler monkeys (D:9)
  2 jellies
  5 hounds
  A gnoll bouda (D:4)
  4 orc priests
  Ijyb (D:3)
  An iguana (D:10)
  5 orc wizards
  Robin (D:3)
  11 gnolls
  8 adders
  A shadow imp (D:7)
  A white imp (D:7)
  An ufetubus (D:6)
  A worm (D:5)
  A dart slug (D:5)
  25 orcs
  9 ball pythons
  6 endoplasms
  6 giant cockroaches
  20 goblins
  9 hobgoblins
  10 kobolds
  4 quokkas
  4 bats
  7 frilled lizards
  4 rats
266 creatures vanquished.

Vanquished Creatures (collateral kills)
  An efreet (D:10)
  An orc (D:3)
  4 foxfires
6 creatures vanquished.

Vanquished Creatures (others)
  A wolf (D:8)
  A gnoll (D:3)
  An orc (D:3)
  837 foxfires
  A fungus (Lair:1)
  23 plants
864 creatures vanquished.

Grand Total: 1136 creatures vanquished

Notes
Turn   | Place    | Note
-------+----------+-------------------------------------------
     0 | D:1      | Conn the Octopode Fire Elementalist began the quest for the
                  | Orb.
     0 | D:1      | Reached XP level 1. HP: 11/11 MP: 3/3
   603 | D:1      | Reached XP level 2. HP: 17/17 MP: 0/5
   955 | D:1      | Found a faded altar of an unknown god.
  1238 | D:1      | Learned a level 2 spell: Scorch
  1471 | D:2      | Identified the -2 helmet "Sogykh" {rC- Str+3 Slay+2}
  1626 | D:2      | Reached XP level 3. HP: 21/21 MP: 4/6
  2153 | D:2      | Reached XP level 4. HP: 27/27 MP: 3/7
  2541 | D:3      | Found a burning altar of Makhleb.
  2541 | D:3      | Found a sacrificial altar of Ru.
  2546 | D:3      | Noticed Robin
  2547 | D:3      | Noticed Grinder
  2956 | D:3      | Noticed Ijyb
  2962 | D:3      | Killed Ijyb
  2963 | D:3      | Reached XP level 5. HP: 31/31 MP: 0/9
  3178 | D:3      | Killed Robin
  3307 | D:3      | Paralysed by Grinder for 3 turns
  3334 | D:3      | Paralysed by Grinder for 5 turns
  3337 | D:3      | HP: 1/31 [Grinder/nerve-wracking pain (8)]
  3342 | D:3      | HP: 1/31 [Grinder (6)]
  3343 | D:3      | Killed Grinder
  3344 | D:3      | Reached XP level 6. HP: 1/37 MP: 0/11
  3745 | D:3      | Found a basalt altar of Yredelemnul.
  3757 | D:3      | Found a sparkling altar of Nemelex Xobeh.
  3757 | D:3      | Found an ancient bone altar of Kikubaaqudgha.
  3759 | D:3      | Found a glowing golden altar of the Shining One.
  3914 | D:4      | Reached skill level 1 in Short Blades
  3916 | D:4      | Reached XP level 7. HP: 42/42 MP: 3/12
  4653 | D:5      | Entered Level 5 of the Dungeon
  4678 | D:5      | Reached skill level 1 in Evocations
  5072 | D:4      | Learned a level 3 spell: Conjure Flame
  5076 | D:4      | Learned a level 3 spell: Inner Flame
  5081 | D:4      | Learned a level 4 spell: Flame Wave
  5083 | D:4      | Learned a level 1 spell: Summon Small Mammal
  5365 | D:5      | Identified a scroll of acquirement
  5366 | D:5      | Acquired a staff of conjuration
  5480 | D:5      | Found a staircase to the Ecumenical Temple.
  5500 | Temple   | Entered the Ecumenical Temple
  5555 | Temple   | Became a worshipper of Sif Muna the Loreminder
  5696 | D:5      | Reached skill level 1 in Summonings
  5852 | D:6      | Reached skill level 5 in Fire Magic
  5852 | D:6      | Reached XP level 8. HP: 47/47 MP: 8/15
  5883 | D:6      | Reached skill level 5 in Spellcasting
  6552 | D:6      | Learned a level 3 spell: Summon Guardian Golem
  6593 | D:6      | Identified the +8 dagger "Newtbane" {protect, Fragile rC+
                  | Will+}
  6915 | D:7      | Reached skill level 1 in Shields
  6915 | D:7      | Reached skill level 5 in Conjurations
  6951 | D:7      | Reached XP level 9. HP: 31/52 MP: 1/18
  7085 | D:7      | Acquired the ring "Imna" {AC+4 Int+4}
  7159 | D:7      | Reached * piety under Sif Muna
  7281 | D:7      | Noticed Prince Ribbit
  7286 | D:7      | Killed Prince Ribbit
  7390 | D:7      | Noticed Pikel
  7396 | D:7      | Killed Pikel
  7397 | D:7      | Reached skill level 1 in Staves
  8290 | D:8      | Acquired a ring of wizardry
  8387 | D:8      | Noticed Grum
  8391 | D:8      | Reached XP level 10. HP: 57/57 MP: 4/20
  8418 | D:8      | Killed Grum
  8419 | D:8      | Reached skill level 1 in Fighting
  8965 | D:9      | Noticed Maurice
  8969 | D:9      | Killed Maurice
  9034 | D:9      | Noticed Harold
  9155 | D:9      | Noticed Gastronok
  9177 | D:9      | Killed Harold
  9178 | D:9      | Reached skill level 1 in Hexes
  9199 | D:9      | Killed Gastronok
  9724 | D:9      | Reached XP level 11. HP: 55/63 MP: 2/23
  9855 | D:9      | Acquired the +0 kite shield of the Equinox {rC+ Regen+}
 10061 | D:10     | Entered Level 10 of the Dungeon
 10071 | D:10     | Reached ** piety under Sif Muna
 10299 | D:10     | Found a staircase to the Lair.
 10770 | D:10     | Acquired 833 gold pieces
 11337 | D:10     | Found Ovviphoply's General Store.
 11393 | Lair:1   | Entered Level 1 of the Lair of Beasts
 11393 | Lair:1   | Noticed a boulder beetle
 11393 | Lair:1   | Found a hide-covered altar of Uskayaw.
 11393 | Lair:1   | Found an ornate altar of the Wu Jian Council.
 11571 | Lair:1   | Killed a boulder beetle
 11595 | Lair:1   | Noticed Fannar
 11604 | Lair:1   | Killed Fannar
 11788 | Lair:1   | Found a transporter.
 11808 | Lair:1   | Reached skill level 5 in Invocations
 11961 | Lair:1   | Found a one-way gate to the infinite horrors of the Abyss.
 11961 | Lair:1   | Noticed confidenceinterval's ghost (novice MfTm)
 11961 | Lair:1   | Noticed a white ugly thing
 11964 | Lair:1   | Noticed a hell hog
 11988 | Lair:1   | Reached XP level 12. HP: 68/69 MP: 13/25
 12005 | Lair:1   | Reached skill level 5 in Shields
 12117 | Lair:1   | Reached *** piety under Sif Muna
 12318 | Lair:1   | Found a transporter.
 12331 | Lair:1   | Learned a level 5 spell: Fireball
 12337 | Lair:1   | Learned a level 5 spell: Iskenderun's Battlesphere
 12380 | Lair:1   | Killed a hell hog
 12412 | Lair:1   | Killed confidenceinterval's ghost
 12657 | Lair:1   | Noticed Nergalle
 12671 | Lair:1   | Killed Nergalle
 13242 | Lair:2   | Acquired 1115 gold pieces
 13253 | Lair:2   | Reached skill level 5 in Stealth
 13442 | Lair:2   | Noticed a five-headed hydra
 13443 | Lair:2   | Noticed a boulder beetle
 13453 | Lair:2   | Mangled by a boulder beetle

Illustrated notes

Levels and vault maps discovered:
D:1:      lightli_arrival_statuegarden, layout_basic,
          chequers_ecumenical_altar_simple_redux, dreamdust_princess_corridor
D:2:      layout_basic
D:3:      layout_basic, minitemple, st_stairs_13, uniq_ijyb, uniq_robin,
          uniq_grinder
D:4:      layout_basic, minmay_misc_feat_four_crosses, minmay_misc_feat_tower
D:5:      layout_cave_pools, minmay_temple_entry_fiery, lexackson_kobold_supper
D:6:      layout_gridville, minmay_checkerbox
D:7:      layout_rooms, uniq_pikel, uniq_prince_ribbit1
D:8:      layout_gridville, uniq_grum
D:9:      layout_roguey, uniq_harold, uniq_gastronok, uniq_maurice
D:10:     layout_layer_cave, minmay_lair_entry_grove, enter_bailey_4,
          serial_shops, nicolae_shop_stone
Temple:   nicolae_temple_elliptical
Lair:1:   layout_cave_pods, gammafunk_ghost_abyssal_escape,
          nzn_masters_of_martial_movement, serial_bayou_shore_a, uniq_nergalle,
          uniq_fannar
Lair:2:   layout_cave_pods, lemuel_old_faithful

Skill      XL: |  1  2  3  4  5  6  7  8  9 10 11 12 |
---------------+-------------------------------------+-----
Conjurations   | 2 3 5 7 8 9 |  9.7
Stealth        | 3 4 5 |  5.6
Fire Magic     | 4 5 6 8 9 |  9.7
Spellcasting   | 3 4 6 7 8 9 |  9.8
Short Blades   | 1 |  1.4
Evocations     | 1 |  1.9
Summonings     | 1 2 4 |  4.0
Shields        | 1 2 4 5 |  5.7
Dodging        | 3 4 |  4.4
Staves         | 1 |  1.2
Fighting       | 1 |  1.8
Hexes          | 1 |  1.7
Invocations    | 2 5 |  5.8
Throwing       | |  0.4
Unarmed Combat | |  0.2

Action                   |  1- 3 |  4- 6 |  7- 9 | 10-12 || total
-------------------------+-------+-------+-------+-------++-------
Melee: Unarmed           |    14 |       |       |       ||    14
       Constrict         |     7 |     7 |    12 |     7 ||    33
       Punch             |     1 |       |     1 |       ||     2
       Tentacles         |     5 |     6 |     9 |    14 ||    34
       Dagger            |     2 |    22 |    10 |    56 ||    90
       Staff             |       |       |    27 |     3 ||    30
Throw: Dart              |       |       |       |     2 ||     2
       Throwing net      |       |       |       |     2 ||     2
 Cast: Foxfire           |    64 |    76 |   201 |   136 ||   477
       Scorch            |       |     3 |    26 |    61 ||    90
       Inner Flame       |       |       |     5 |    10 ||    15
       Flame Wave        |       |       |     5 |    25 ||    30
       Conjure Flame     |       |       |     1 |     6 ||     7
       Summon Guardian G |       |       |       |     6 ||     6
       Summon Small Mamm |       |       |       |     1 ||     1
Invok: Channel Magic     |       |       |       |     2 ||     2
Evoke: Wand              |       |     4 |       |     9 ||    13
  Use: Potion            |       |     1 |       |     8 ||     9
       Scroll            |       |       |     4 |     4 ||     8
 Stab: Sleeping          |     1 |     1 |       |     1 ||     3
       Held in net/web   |       |       |       |     1 ||     1
       Invisible         |       |       |       |     4 ||     4
Armor: Skin              |       |     2 |     4 |    11 ||    17
Dodge: Dodged            |     8 |    16 |    59 |    68 ||   151
Block: Other             |       |     6 |    19 |       ||    25
       Reflection        |       |       |     1 |     3 ||     4
       Kite shield       |       |       |     7 |   116 ||   123

Table legend: (Time is in decaauts)
 A = Elapsed time spent in this place.
 B = Non-inter-level travel time spent in this place.
 C = Inter-level travel time spent in this place.
 D = Time resting spent in this place.
 E = Time spent auto-exploring this place.
 F = Levels seen in this place.
 G = Mean time per level.
                   A        B        C        D        E       F      G
               +--------+--------+--------+--------+--------+-----+--------+
         Total |  13446 |  13281 |    165 |    694 |   9289 |  13 | 1034.3 |
       Dungeon |  11447 |  11338 |    109 |    694 |   7877 |  10 | 1144.7 |
        Temple |     78 |     62 |     16 |      0 |     42 |   1 |   78.0 |
          Lair |   1919 |   1880 |     39 |      0 |   1370 |   2 |  959.5 |
               +--------+--------+--------+--------+--------+-----+--------+

Top non-repeatable levels by time:
  Lair:1: 1576 daAuts
     D:1: 1418 daAuts
     D:9: 1408 daAuts
     D:8: 1329 daAuts
     D:2: 1321 daAuts
    D:10: 1256 daAuts
     D:3: 1137 daAuts
     D:6: 1056 daAuts
     D:4: 947 daAuts
     D:5: 927 daAuts
     D:7: 644 daAuts
  Lair:2: 343 daAuts
  Temple: 78 daAuts
